Cogmind - Beta 16 @@@ ROGUE MODE // 2025.10.23 @ 08:29:07 Player: Uranium-235 Result: Destroyed by Autobeam Turret with Autobeam Performance ------------- Evolutions (0) 0 Regions Visited (3) 600 Robots Destroyed (23) 115 Value Destroyed (476) 476 Prototype IDs (0) 0 Alien Tech Used (0) 0 Bonus (0) 0 TOTAL SCORE: 1191 Bonus ------- None Cogmind --------- Core Integrity 0/250 Matter 241/300 Energy 100/100 System Corruption 0% Temperature Cool (30) Movement Treading (160) Location -10/Subcaves Parts ------- > --- POWER (1) -------- (None) > --- PROPULSION (2) --- Spiked Treads > --- UTILITY (2) ------ Small Storage Unit Light Armor Plating > --- WEAPON (2) ------- Mace > --- INVENTORY (8) ---- Flight Unit Flight Unit Flight Unit Autogun Mace Mace Peak State ------------ > --- POWER ------------ Light Ion Engine > --- PROPULSION ------- Light Treads Light Treads > --- UTILITY ---------- Small Storage Unit Seismic Detector > --- WEAPON ----------- Mace Mace > --- INVENTORY -------- Light Ion Engine Flight Unit Flight Unit Flight Unit Heat Sink Autogun Mining Laser Mace [Rating: 10] Favorites ----------- Power Light Ion Engine Engine Light Ion Engine Propulsion Light Treads Treads Light Treads Utility Small Storage Unit Device Seismic Detector Storage Small Storage Unit Protection Light Armor Plating Weapon Mace Energy Gun Small Laser Ballistic Gun Assault Rifle Launcher Rocket Launcher Special Weapon Mining Laser Impact Weapon Mace Build | -11 -10 -10 -10 ------- Run | Yrd Mat Min Sub Slots Evolved . | . . . . Power . | . . . . Propulsion . | . . . . Utility . | . . . . Weapon . | . . . . Parts Attached 19 | 7 8 1 3 Power 4 | 1 2 . 1 Engine 4 | 1 2 . 1 Core . | . . . . Reactor . | . . . . Propulsion 3 | 2 . . 1 Treads 3 | 2 . . 1 Leg . | . . . . Wheel . | . . . . Hover . | . . . . Flight . | . . . . Utility 3 | 2 . . 1 Device 1 | 1 . . . Storage 1 | 1 . . . Processor . | . . . . Hackware . | . . . . Protection 1 | . . . 1 Artifact . | . . . . Weapon 9 | 2 6 1 . Energy Gun 2 | 1 1 . . Energy Cannon . | . . . . Ballistic Gun 2 | 1 1 . . Ballistic Cannon . | . . . . Launcher 1 | . . 1 . Special Weapon 2 | . 2 . . Impact Weapon 2 | . 2 . . Slashing Weapon . | . . . . Piercing Weapon . | . . . . Special Melee Weapon . | . . . . Unidentified Prototypes . | . . . . Parts Lost 7 | . 1 . 6 Power 3 | . 1 . 2 Propulsion 2 | . . . 2 Utility 1 | . . . 1 Weapon 1 | . . . 1 Highest Loss Streak 4 | . 1 . 4 To Critical Strikes . | . . . . Average Backups 7 | 4 7 8 7 Power 1 | 1 1 1 . Propulsion 3 | 3 3 3 3 Utility 1 | . . 1 . Weapon 2 | . 2 2 3 Tool/Special . | . . . . Unused Backups 11 | . 5 1 5 Power . | . . . . Propulsion 7 | . 4 . 3 Utility 1 | . . 1 . Weapon 3 | . 1 . 2 Tool/Special . | . . . . Average Slot Usage (%) 91 | . 99 100 78 Engine 13 | . 13 14 13 Treads 24 | . 28 28 18 Device 9 | . 14 14 2 Storage 14 | . 14 14 14 Ballistic Gun 4 | . 13 . . Launcher 6 | . . 5 13 Impact Weapon 15 | . 10 22 14 Peak Build Rating 10 | 7 10 10 10 Average Rating 8 | 5 8 9 8 On Entrance 6 | . 7 10 10 Avg Prop Armor Cover (%) . | . . . . Naked Turns . | . . . . Heaviest Build 15 | 12 13 15 15 Greatest Support 40 | 40 40 40 40 Greatest Overweight (x) 3 | 3 . . . Average Overweight (x) . | . . . . Largest Inventory Capacity 8 | 8 8 8 8 Average Capacity 7 | 7 8 8 8 Most Carried 8 | 8 8 8 8 Average Carried 7 | 5 7 7 7 Final Capacity 8 | 8 8 8 8 Final Carried 8 | 8 8 8 6 Class Distribution -------------------- 100% | Mutant Dominant Class ---------------- Mutant | -10/Materials Mutant | -10/Mines Mutant | -10/Subcaves Resources | -11 -10 -10 -10 ----------- Run | Yrd Mat Min Sub Matter Collected 750 | 276 237 67 170 Remotely . | . . . . Salvage Created 530 | 104 247 60 119 Parts 41 | 8 22 3 8 Haulers Intercepted 1 | . 1 . . Recyclers Shooed 1 | . 1 . . Parts Field Recycled . | . . . . Retrieved Matter . | . . . . Parts Self-Destructed 3 | . . . 3 Prevented . | . . . . Parts Restored . | . . . . Kills | -11 -10 -10 -10 ------- Run | Yrd Mat Min Sub Combat Hostiles Destroyed 25 | . 8 9 8 Melee 1 | . . 1 . Guns 8 | . 8 . . AOE 16 | . . 8 8 Classes Destroyed 8 | 2 4 1 1 Tunneler 1 | 1 . . . Hauler 1 | . 1 . . Recycler 1 | 1 . . . Watcher 2 | . 2 . . Swarmer 10 | . 6 . 4 Grunt 4 | . 2 2 . Subdweller 4 | . . . 4 Assembled 7 | . . 7 . Best Kill Streak 5 | 2 3 5 5 Combat Bots Only 5 | . 3 5 5 Max Kills in Single Turn 2 | 1 2 2 2 Gunslinging . | . . . . Exploded 2 | . . 2 2 Melee 1 | . . 1 . Uniques/NPCs Destroyed . | . . . . Combat | -11 -10 -10 -10 -------- Run | Yrd Mat Min Sub Hostile Shots Fired 162 | . 70 2 90 Missed 55 | . 16 . 39 Hits 107 | . 54 2 51 Melee 1 | . . 1 . Projectile 106 | . 54 1 51 Damage Taken 1071 | . 463 112 496 Core 253 | . 100 62 91 Absorbed by Shields . | . . . . Core Remaining (%) 100 | 100 . . . Volleys Fired 69 | 2 41 9 17 Largest 2 | 2 2 1 1 Hottest 100 | 60 100 33 33 Shots Fired 105 | 4 75 9 17 Gun 72 | 4 68 . . Cannon . | . . . . Launcher 26 | . . 9 17 Special 7 | . 7 . . Kinetic 66 | 2 64 . . Thermal 13 | 2 11 . . Explosive 26 | . . 9 17 Electromagnetic . | . . . . Robot Hit Streak 6 | 4 4 6 4 Robot Miss Streak 8 | . 8 4 2 Penetration Max . | . . . . Secondary Targets 1 | . 1 . . Max Gunslinging Chain 1 | . 1 . . Shots Hit Robots 53 | 4 33 7 9 Core Hits 47 | 3 14 16 14 Critical Kills 1 | . 1 . . Critical Parts Destroyed . | . . . . Critical Strikes 1 | . 1 . . Destroy 1 | . 1 . . Melee Attacks 6 | . 4 2 . Impact 6 | . 4 2 . Slashing . | . . . . Piercing . | . . . . Sneak Attacks 1 | . . 1 . Combat Hostiles . | . . . . Follow-up Attacks 1 | . 1 . . Damage Inflicted 1968 | 46 475 743 704 Guns 392 | 46 346 . . Cannons . | . . . . Explosions 1363 | . . 659 704 Melee 189 | . 105 84 . Ramming . | . . . . Kinetic 347 | 24 323 . . Thermal 69 | 22 47 . . Explosive 1363 | . . 659 704 Electromagnetic . | . . . . Impact 189 | . 105 84 . Slashing . | . . . . Piercing . | . . . . Highest Corruption . | . . . . Average Corruption . | . . . . Corruption Purged . | . . . . Corruption Blocked . | . . . . Overload Shots . | . . . . Overflow Damage 43 | . . 26 17 Projectiles . | . . . . Explosions 27 | . . 10 17 Melee 16 | . . 16 . Knockbacks . | . . . . Impact . | . . . . Kinetic . | . . . . Secondary . | . . . . Self-Inflicted Damage 164 | . . 70 94 Shots 7 | . . 3 4 Rammed . | . . . . Targets Rammed . | . . . . Kicked . | . . . . Crushed . | . . . . Highest Temperature 20 | . 20 . . Average Temperature 10 | . 10 . . Received Heat Transfer 333 | . 48 6 279 Siege Activations . | . . . . Martial Activations . | . . . . Shielding Activations . | . . . . Robots Disrupted . | . . . . Combat Hostiles . | . . . . Robots Corrupted 1 | . 1 . . Combat Hostiles . | . . . . Parts Fried . | . . . . Impact Corruptions 2 | . 1 1 . Robots Melted . | . . . . Combat Hostiles . | . . . . Parts Melted . | . . . . Heat Transferred 150 | 50 100 . . Parts Sabotaged . | . . . . Parts Stolen . | . . . . Parts Stripped . | . . . . Power Chain Reactions . | . . . . Alert | -11 -10 -10 -10 ------- Run | Yrd Mat Min Sub Maximum Alert Level . | . . . . Low Security (%) 100 | 100 100 100 . Level 1 . | . . . . Level 2 . | . . . . Level 3 . | . . . . Level 4 . | . . . . Level 5 . | . . . . High Security . | . . . . Max Security . | . . . . Peak Influence 96 | 10 89 96 . Initial . | . . . . Average 19 | . 32 7 . Influence Increases 458 | 10 231 137 80 Destroy 0b10 Robot/C 280 | . 160 40 80 Destroy 0b10 Robot/NC 25 | 10 15 . . Destroy Leader 46 | . 36 10 . Disable Machine 30 | . . 30 . Destroy Structure 62 | . 5 57 . Lose Combat Pursuer 15 | . 15 . . Influence Decreases 426 | 10 231 49 136 Entered New Map 47 | . . . 47 Time Decay 329 | 10 221 49 49 Lost Part 50 | . 10 . 40 Squads Dispatched 2 | . 2 . . Investigation . | . . . . Extermination . | . . . . Reinforcement 2 | . 2 . . Assault . | . . . . Garrison . | . . . . Intercept . | . . . . Searches Triggered . | . . . . Construction Impeded . | . . . . Haulers Reinforced . | . . . . Active Scanning Responses . | . . . . Cargo Convoy Interrupts . | . . . . Stealth | -11 -10 -10 -10 --------- Run | Yrd Mat Min Sub Distress Signals 1 | . 1 . . Communications Jammed . | . . . . Distress Signals . | . . . . Times Spotted 39 | . 18 11 10 Peak Tracking Total 9 | . 4 9 6 Tactical Retreats 2 | . 1 1 . Traps | -11 -10 -10 -10 ------- Run | Yrd Mat Min Sub Traps Triggered . | . . . . Indirectly . | . . . . Trap Hack Attempts . | . . . . Triggered . | . . . . Disarmed . | . . . . Reprogrammed . | . . . . Reused . | . . . . Traps Extracted . | . . . . Installed . | . . . . Triggered . | . . . . Machines | -11 -10 -10 -10 ---------- Run | Yrd Mat Min Sub Machines Disabled 5 | . . 2 3 Max in Single Turn 2 | . . 2 2 Machines Repaired . | . . . . Machines Dismantled . | . . . . Machines Sabotaged . | . . . . Overloaded Fab Kills . | . . . . Hacking | -11 -10 -10 -10 --------- Run | Yrd Mat Min Sub Machines Accessed 2 | . 2 . . Terminals 2 | . 2 . . Fabricators . | . . . . Repair Stations . | . . . . Recycling Units . | . . . . Scanalyzers . | . . . . Garrison Access . | . . . . Total Hacks 7 | . 7 . . Successful 3 | . 3 . . Failed 4 | . 4 . . Catastrophic 3 | . 3 . . Database Lockouts . | . . . . Manual 5 | . 5 . . Terminals 7 | . 7 . . Fabricators . | . . . . Repair Stations . | . . . . Recycling Units . | . . . . Scanalyzers . | . . . . Garrison Access . | . . . . Terminal Hacks 1 | . 1 . . Terminal Index 1 | . 1 . . Fabricator Hacks . | . . . . Repair Station Hacks . | . . . . Recycling Unit Hacks . | . . . . Scanalyzer . | . . . . Garrison Access Hacks . | . . . . Unauthorized Hacks 2 | . 2 . . Terminals 2 | . 2 . . Botnet 2 | . 2 . . Fabricators . | . . . . Repair Stations . | . . . . Recycling Units . | . . . . Scanalyzers . | . . . . Garrison Access . | . . . . Data Cores Recovered . | . . . . Used . | . . . . Hacking Detections 2 | . 2 . . Full Trace Events . | . . . . Feedback Events . | . . . . Feedback Blocked . | . . . . Robot Schematics Acquired . | . . . . Robots Built . | . . . . Authchips . | . . . . Time . | . . . . Total Robot Build Rating . | . . . . Part Schematics Acquired . | . . . . Parts Built . | . . . . Authchips . | . . . . Time . | . . . . Total Part Build Rating . | . . . . Part Studies Acquired . | . . . . Parts Repaired . | . . . . Time . | . . . . Parts Recycled . | . . . . Recycled Matter . | . . . . Retrieved Matter . | . . . . Retrieved Components . | . . . . Parts Scanalyzed . | . . . . Part Schematics Acquired . | . . . . Parts Damaged . | . . . . Bothacking | -11 -10 -10 -10 ------------ Run | Yrd Mat Min Sub Used RIF Installer . | . . . . Robots Hacked . | . . . . Non-combat . | . . . . Combat . | . . . . Robot Hacks Applied . | . . . . Relay Couplers Released . | . . . . Fabnet Peak Effective % . | . . . . Robots Rewired . | . . . . Allies Hacked . | . . . . Hacks Repelled . | . . . . Allies | -11 -10 -10 -10 -------- Run | Yrd Mat Min Sub Total Allies . | . . . . Largest Group . | . . . . Highest-Rated Group . | . . . . Highest-Rated Ally . | . . . . Total Orders . | . . . . Ally Attacks . | . . . . Total Damage . | . . . . Kills . | . . . . Allies Corrupted . | . . . . Allies Melted . | . . . . Intel | -11 -10 -10 -10 ------- Run | Yrd Mat Min Sub Active Infowar (turns) 1239 | 44 606 486 103 Seismic 1239 | 44 606 486 103 Robot Analysis Total . | . . . . Derelict Logs Recovered 1 | . . 1 . Drone Launches . | . . . . Drone Recoveries . | . . . . Exploration | -11 -10 -10 -10 ------------- Run | Yrd Mat Min Sub Turns Passed 1844 | 113 606 486 639 Spaces Moved 962 | 56 270 260 376 Core 17 | 17 . . . Treads 945 | 39 270 260 376 Legs . | . . . . Wheels . | . . . . Hover . | . . . . Flight . | . . . . Fastest Speed 50 | 50 160 160 160 Average Speed 159 | 159 160 160 160 Slowest Speed 200 | 200 160 160 160 Overloaded Moves . | . . . . Propulsion Burnouts . | . . . . Robots Hopped . | . . . . Potential Cave-ins . | . . . . Cave-ins Triggered . | . . . . Exploration Rate (%) 36 | 5 45 68 28 Regions Visited 3 Branch Regions 2 Pre-discovered Areas 1 | . . 1 . Known Exits Taken . | . . . . Unknown Exits Taken 3 | 1 1 1 . Scrap Searched 2 | . . 1 1 Spaces Dug 5 | . 5 . . Terrain Destroyed 182 | . 5 78 99 Melee . | . . . . Projectile 5 | . 5 . . AOE 177 | . . 78 99 Terrain Rammed . | . . . . Walls Destroyed . | . . . . Machines Disabled . | . . . . Actions | -11 -10 -10 -10 --------- Run | Yrd Mat Min Sub Total 1144 | 72 358 318 396 Wait 61 | . 16 45 . Move 959 | 55 269 259 376 Hop . | . . . . Pick Up 18 | 8 9 1 . Fast Attach 8 | 7 . . 1 Attach 3 | . 1 . 2 Detach . | . . . . Swap 11 | . 10 1 . Drop 11 | . 10 1 . Fire 69 | 2 41 9 17 Melee 4 | . 2 2 . Ram . | . . . . Kick . | . . . . Crush . | . . . . Escape Stasis . | . . . . Rewire . | . . . . Trap . | . . . . Miscellaneous . | . . . . Route ------- -11/Scrapyard -10/Materials (discovered 2 exits: [*Mat] / [*Min]) -10/Mines -10/Subcaves (discovered 1 exit: [*Rec]) History --------- Turn | Location | Event 21 | -11/Scrapyard | Discovered new exit (range 16) 114 | -11/Scrapyard | Entered Materials 331 | -10/Materials | Build established: Mutant 576 | -10/Materials | Discovered new exit (range 13) 696 | -10/Materials | Discovered new exit (range 15) 720 | -10/Materials | Entered Mines 765 | -10/Mines | Learned location of Mines (-8) 946 | -10/Mines | Found a damaged Exp. Sensor Array with a note attached 975 | -10/Mines | Received a Rocket Launcher from a helpful Derelict 1016 | -10/Mines | Assembled infested the area 1021 | -10/Mines | Assisted by a Guerilla fighting off Assembled 1030 | -10/Mines | Core integrity fell below 50% 1071 | -10/Mines | A weapon hastily lodged in a ceiling crevice suddenly fell to the ground 1189 | -10/Mines | Discovered new exit (range 11) 1206 | -10/Mines | Entered Subcaves 1217 | -10/Subcaves | A swath of the cavern ceiling suddenly collapsed 1481 | -10/Subcaves | A swath of the cavern ceiling suddenly collapsed 1571 | -10/Subcaves | Core integrity fell below 20% 1819 | -10/Subcaves | Discovered new exit (range 13) 1827 | -10/Subcaves | Ambushed by Subdweller buried in earth 1845 | -10/Subcaves | Destroyed by Autobeam Turret with Autobeam Last Messages --------------- 01804_ Acquired 54 matter. 01814_ Subatomizers dissect the Battle Cannon. 01819_ EXIT=FOUND 01821_ Destroyed Lgt. Ion Engine. 01821_ S-10 Pest destroyed. 01821_ Lgt. Treads destroyed. 01823_ S-10 Pest destroyed. 01823_ Machine disabled. [Achievement: Do Not Disturb] 01828_ 5E-VV5(R): "ARGHSUB!" 01829_ 5E-VV5(R) destroyed. 01829_ Rocket Launcher destroyed. 01829_ Lgt. Ion Engine destroyed. 01835_ Flight Unit fries itself beyond repair. 01839_ Lgt. Ion Engine fries itself beyond repair. 01841_ Lgt. Assault Rifle fries itself beyond repair. 01843_ Lgt. Ion Engine destroyed. 01844_ The unstable cave ceiling collapses. Map ----- +----------------------------------------------------+ | ?????????????????????????# ????## #? | | ??????????????????????????????## #? | | ??????????????????????????????# #? | | ??????????????????????????????# ## ##? | | ??????????????????????????????## ###### #?? | | ??????????????????????????????## ###???## #?? | | ??????????????????????????????# ###?#### #?? | | ??????????????????????????????# ## ## # ##? | | ??????????????????????????????####?# #? | | ???????????????????????????????????# ##? | | ??????????????????????????????????## # ###?? | | ??????????????????????????????????# # ##???? | | ????????????????????????????????#### # ##????? | | ????????????????????????????????# # ### ##?????? | | ????????????????????????????????# ##?# ##??????? | | ???????????????????????????????## ###?####???????? | | ??????????????????????????????## ### ????????????? | | ??????????????????????????????# ## ?????????????? | | ??????????????????????????????## # #????????????? | | ???????????????????????????????# #[##??????????? | | ??????????????????#??###???????### # #??????????? | | ??????????????????# ## #####????## ]##??????????? | | ???????????????????# & # ##????## ##?????????? | | ??????????????????## # %& ####### # ##????????? | | ??????????????????# [ # ## ## #????????? | | ???????????????????# @ # ##### #???????? | | ???????????????????## t #????##???????? | | ????????????????????#< #??????????? | | ????????????????????# t ###??????????? | | ????????????????????# # # ###????????????? | | ????????????????????## #######??????????????? | | ?????????????????????#""" "#????????????????????? | | ?????????????????????########????????????????????? | | ?????????????????????????????????????????????????? | | ?????????????????????????????????????????????????? | | ?????????????????????????????????????????????????? | | ?????????????????????????????????????????????????? | | ?????????????????????????????????????????????????? | | ?????????????????????????????????????????????????? | | ?????????????????????????????????????????????????? | | ?????????????????????????????????????????????????? | | ?????????????????????????????????????????????????? | | ?????????????????????????????????????????????????? | | ?????????????????????????????????????????????????? | | ?????????????????????????????????????????????????? | | ?????????????????????????????????????????????????? | | ?????????????????????????????????????????????????? | | ?????????????????????????????????????????????????? | | ?????????????????????????????????????????????????? | | ?????????????????????????????????????????????????? | +----------------------------------------------------+ Best States ------------- Heat Dissipation 25 Energy Generation 10 Energy Capacity 125 Matter Stores 300 Matter Capacity 300 Sight Range 16 Terrain Scan Density 10 Armor Coverage 150 Evasion (%) 40 Recoil Reduction 2 Item Schematics ----------------- None Robot Schematics ------------------ None Fabricated ------------ Nothing Repaired ---------- Nothing Studied --------- None Alien Tech Used ----------------- None Achievements -------------- Do Not Disturb Challenges ------------ None Game ------ Seed HugeGravjetRailcannon Manual? 0 Play Time 00:16:25 Cumulative 52.1 hours Start 2025.10.23 @ 08:07:45 End 2025.10.23 @ 08:29:07 Sessions 1 Manual Loads 0 Difficulty Rogue Special Mode None Game No. 53 Rogue 53 Adventurer 0 Explorer 0 Win Type - Total 0 Types 0/0/0/0/0/0/0/0/0/0 Lore% 28 Gallery% 39 Achievement% 22 Wizard Run 0 Options --------- Layout 1 ASCII 0 Keyboard 1 Movement Numpad Keybinds 0 Fullscreen 1 Font 24/Smallcaps Map View 50x35 Zoom Use 0% Tactical HUD 1 Map Filters NONE Filters NONE Steam 1 RUN: beb03c5c-148f-4605-a9f2-f835ad1b4036